 Dungeon Sprint DCSS version 0.31-a0-854-g362426d53f (webtiles) character file.

Game seed: 536882591599882725

272 rocky1 the Basher (level 9, -5/101 HPs)
             Began as an Ogre Reaver on Oct 9, 2023.
             Was an Initiate of Gozag.
             Slain by the 27-headed Lernaean hydra (7 damage)
             ... in the Dungeon (Sprint VI: "Thunderdome").
             The game lasted 00:08:16 (728 turns).

rocky1 the Basher (Ogre Reaver)                      Turns: 728, Time: 00:08:17

Health: -5/101     AC: 10    Str: 22    XL:     9   Next: 13%
Magic:  15/15      EV: 12    Int: 23    God:    Gozag
Gold:   278        SH:  0    Dex: 12    Spells: 15/16 levels left

rFire   . . .        a - +0 mace
rCold   + . .        (no shield)
rNeg    . . .        k - +0 acid dragon scales
rPois   .            o - +2 hat of Ocrummah {Stlth+}
rElec   .            (no cloak)
rCorr   +            (gloves unavailable)
SInv    .            (boots unavailable)
Will    +....        s - amulet of the Evening {Acrobat Will+ Str+2 Int+3}
Stlth   ++           q - ring of Sobu {Int+4 Slay+4}
HPRegen 0.36/turn    p - ring "Epyaqy" {rC+ Dex+5}
MPRegen 0.14/turn

%: no teleportation, acrobat
@: gold aura, hasted, very quick
A: large, unfitting armour, tough skin 1
a: Renounce Religion, Potion Petition, Call Merchant, Bribe Branch


You were in the Dungeon.
You worshipped Gozag.
Gozag was aware of your devotion.
You visited 1 branch You collected 1950 gold pieces.
You spent 1488 gold pieces at shops.
You paid 184 gold pieces to Gozag.

Inventory:

Hand Weapons
 a - a +0 mace (weapon)
 n - a +0 giant spiked club
Missiles
 g - a throwing net
Armour
 b - a +0 robe
 k - +0 acid dragon scales (worn)
 o - the +2 hat of Ocrummah (worn) {Stlth+}
   (You bought it in a shop in the Dungeon)

   Stlth+:    It makes you more stealthy.
Jewellery
 p - the ring "Epyaqy" (right hand) {rC+ Dex+5}
   (You bought it in a shop in the Dungeon)

   [ring of protection from cold]

   Dex+5:     It affects your dexterity (+5).
   rC+:       It protects you from cold.
 q - the ring of Sobu (left hand) {Int+4 Slay+4}
   (You bought it in a shop in the Dungeon)

   [ring of slaying]

   Int+4:     It affects your intelligence (+4).
   Slay+4:    It affects your accuracy & damage with ranged weapons and melee
   (+4).
 s - the amulet of the Evening (around neck) {Acrobat Will+ Str+2 Int+3}
   (You bought it in a shop in the Dungeon)

   [amulet of the acrobat]

   Acrobat:   It increases your evasion while moving and waiting.
   Str+2:     It affects your strength (+2).
   Int+3:     It affects your intelligence (+3).
   Will+:     It increases your willpower.
 t - the amulet "Kamy" {Faith Slay+2}
   (You bought it in a shop in the Dungeon)

   [amulet of faith]

   Faith:     It allows you to gain divine favour quickly.
   Slay+2:    It affects your accuracy & damage with ranged weapons and melee
   (+2).
Scrolls
 h - 2 scrolls of blinking
 l - 3 scrolls of fog
Potions
 c - 5 potions of curing
 d - 2 potions of heal wounds
 e - 2 potions of haste
 f - 2 potions of magic
 i - a potion of resistance


   Skills:
 * Level 9.9 Fighting
 * Level 12.6 Maces & Flails
 - Level 2.2 Throwing
 * Level 5.9 Armour
 * Level 7.7 Dodging
 - Level 0.9 Stealth
 + Level 4.4 Spellcasting
 + Level 5.8 Conjurations
 - Level 0.5 Evocations


You had 15 spell levels left.
You knew the following spells:

 Your Spells              Type           Power      Damage    Failure   Level
a - Kiss of Death         Conj/Necr      72%        2d10      3%          1

Your spell library contained the following spells:

 Spells                   Type           Power      Damage    Failure   Level
 Momentum Strike          Conj/Tloc      36%        3d9       5%          2
 Hailstorm                Conj/Ice       18%        3d6       11%         3


Dungeon Overview and Level Annotations

Branches:
Dungeon (1/1)

Altars:
Cheibriados
Dithmenos
Fedhas
Gozag
Kikubaaqudgha
Makhleb
Okawaru
Qazlal
Ru
Sif Muna
Trog
Uskayaw
Vehumet
Wu Jian
Xom
Yredelemnul
Zin
The Shining One
Lugonu

Shops:
D *[=??*?*:[((!!!!

Annotations:
D Lernaean hydra


Innate Abilities, Weirdness & Mutations

You are too large for most types of armour.
You have tough skin. (AC +1)


Message History

The 27-headed Lernaean hydra bites you! The 27-headed Lernaean hydra bites you.
The 27-headed Lernaean hydra bites you!
The 27-headed Lernaean hydra bites you but does no damage.
The 27-headed Lernaean hydra completely misses you.
The 27-headed Lernaean hydra bites you but does no damage.
Unknown command.
You sock the 27-headed Lernaean hydra!
The 27-headed Lernaean hydra is lightly wounded.
Unknown command.
Unknown command.
You bludgeon the 27-headed Lernaean hydra!!
The 27-headed Lernaean hydra is moderately wounded.
The 27-headed Lernaean hydra is distracted by your dazzling golden aura.
Unknown command.
The 27-headed Lernaean hydra roars deafeningly!
You sock the 27-headed Lernaean hydra!
The 27-headed Lernaean hydra is no longer distracted by gold.
The 27-headed Lernaean hydra is moderately wounded.
The 27-headed Lernaean hydra bites you but does no damage. x3
The 27-headed Lernaean hydra barely misses you.
The 27-headed Lernaean hydra bites you but does no damage.
The 27-headed Lernaean hydra bites you. The 27-headed Lernaean hydra bites you!
* * * LOW HITPOINT WARNING * * *
The 27-headed Lernaean hydra bites you but does no damage.
The 27-headed Lernaean hydra bites you.
* * * LOW HITPOINT WARNING * * *
The 27-headed Lernaean hydra bites you but does no damage.
The 27-headed Lernaean hydra completely misses you.
The 27-headed Lernaean hydra bites you!
* * * LOW HITPOINT WARNING * * *
The 27-headed Lernaean hydra bites you.
* * * LOW HITPOINT WARNING * * *
The 27-headed Lernaean hydra bites you but does no damage.
The 27-headed Lernaean hydra bites you!
* * * LOW HITPOINT WARNING * * *
The 27-headed Lernaean hydra barely misses you.
The 27-headed Lernaean hydra bites you but does no damage.
The 27-headed Lernaean hydra bites you!
You die...
Your body crumbles into a pile of gold.

##⌠⌠⌠## #.....# ##.....##
##∩.....∩## #∩.......∩#
#_.(....._# #_.(....._#
#_.D....._# ###..@......###
#⌠...........⌠#
######.8$).......8.######
##∩___...)..###.).)..__.∩##
###∩........8.# #.8........∩##
##..........)..###.............
#⌠.........)###...###..........
#⌠..........# #.<.# #..........
#⌠.......[..###...###..........


You could see the 27-headed Lernaean hydra.

Vanquished Creatures
  A merfolk siren (D)
  A naga mage (D)
  3 merfolk (D)
  A wyvern (D)
  A vampire mosquito (D)
  2 water moccasins (D)
  A centaur (D)
  An iguana (D)
  2 adders (D)
  An orc (D)
  A ball python (D)
  2 endoplasms (D)
  A giant cockroach (D)
  A goblin (D)
  A hobgoblin (D)
  A jackal (D)
  A bat (D)
  A rat (D)
23 creatures vanquished.

Notes
Turn   | Place    | Note
-------+----------+-------------------------------------------
     0 | D        | rocky1 the Ogre Reaver began the quest for the Orb.
     0 | D        | Reached XP level 1. HP: 22/22 MP: 3/3
     4 | D        | Found a bloodstained altar of Trog.
     4 | D        | Found a hide-covered altar of Uskayaw.
     5 | D        | Found an ancient bone altar of Kikubaaqudgha.
     5 | D        | Round 1.
     6 | D        | Found an opulent altar of Gozag.
     6 | D        | Found a shimmering blue altar of Sif Muna.
     7 | D        | Found a glowing golden altar of the Shining One.
     7 | D        | Found Ynavauxu's Premium Goods.
     7 | D        | Found Romeash's Weapon Rack.
     8 | D        | Found Odonivoj's Miscellaneous Merchandise.
     8 | D        | Found Surghomp's Basic Armour.
    14 | D        | Reached skill level 3 in Maces & Flails
    18 | D        | Became a worshipper of Gozag Ym Sagoz the Greedy
    27 | D        | Bought 4 atropa-tipped darts for 72 gold pieces
    36 | D        | Bought a +0 giant spiked club for 57 gold pieces
    40 | D        | Found a snail-covered altar of Cheibriados.
    41 | D        | Found a shimmering altar of Xom.
    41 | D        | Found Guryebbu's Do-It-Yourself Clinic.
    43 | D        | Found a burning altar of Makhleb.
    43 | D        | Found a glowing silver altar of Zin.
    43 | D        | Found Baaveuh's Distillery.
    44 | D        | Found Gosor's Bottled Wisdom.
    44 | D        | Found Buaxupn's Distillery.
    52 | D        | Found a corrupted altar of Lugonu.
    53 | D        | Found a blossoming altar of Fedhas.
    54 | D        | Found a sacrificial altar of Ru.
    55 | D        | Found Faocsy's Staff Store.
    57 | D        | Found a basalt altar of Yredelemnul.
    57 | D        | Found a radiant altar of Vehumet.
    57 | D        | Found an iron altar of Okawaru.
    57 | D        | Found Oguteiv's Magic Scroll Shop.
    59 | D        | Found Mecaojoy's Must-Have Magic.
    59 | D        | Found Kuogohu's Magic Scroll Shop.
    62 | D        | Found a shadowy altar of Dithmenos.
    63 | D        | Found an ornate altar of the Wu Jian Council.
    64 | D        | Found a stormy altar of Qazlal.
    65 | D        | Found Etsy's Timeless Talismans.
    67 | D        | Found Huigarr's Identification Station.
    68 | D        | Found Gitsi's Jewellery.
    68 | D        | Found Maogoyp's Advanced Armour.
   133 | D        | Arena points: 12 (+12) [x2]
   153 | D        | Round 2.
   155 | D        | Bought a slimy garnet amulet for 45 gold pieces
   155 | D        | Identified the amulet of Vaschoyc {Faith Fragile Will+
                  | Int+5} (You bought it in a shop in the Dungeon)
   155 | D        | Bought a crude lead ring for 45 gold pieces
   155 | D        | Identified the ring "Epyaqy" {rC+ Dex+5} (You bought it in
                  | a shop in the Dungeon)
   155 | D        | Bought a clouded bone ring for 45 gold pieces
   155 | D        | Identified the ring of Sobu {Int+4 Slay+4} (You bought it
                  | in a shop in the Dungeon)
   157 | D        | Bought a flickering zirconium amulet for 45 gold pieces
   157 | D        | Identified the amulet "Geommowu" {rF- Regen+ Dex+5} (You
                  | bought it in a shop in the Dungeon)
   157 | D        | Bought a translucent bronze amulet for 45 gold pieces
   157 | D        | Identified the amulet of the Evening {Acrobat Will+ Str+2
                  | Int+3} (You bought it in a shop in the Dungeon)
   157 | D        | Bought a pitted silver amulet for 45 gold pieces
   157 | D        | Identified the amulet "Kamy" {Faith Slay+2} (You bought it
                  | in a shop in the Dungeon)
   165 | D        | Noticed an iguana
   180 | D        | Killed an iguana
   181 | D        | Reached skill level 4 in Maces & Flails
   181 | D        | Reached skill level 1 in Armour
   181 | D        | Reached XP level 2. HP: 6/31 MP: 5/5
   181 | D        | Reached XP level 3. HP: 7/37 MP: 7/7
   260 | D        | Arena points: 48 (+36) [x3]
   275 | D        | Bought a dazzling hat for 315 gold pieces
   275 | D        | Identified the +2 hat of Ocrummah {Stlth+} (You bought it
                  | in a shop in the Dungeon)
   329 | D        | Round 3.
   333 | D        | Noticed a water moccasin
   340 | D        | Killed a water moccasin
   341 | D        | Reached skill level 6 in Maces & Flails
   341 | D        | Reached skill level 1 in Throwing
   341 | D        | Reached XP level 4. HP: 48/48 MP: 8/8
   341 | D        | Reached XP level 5. HP: 54/54 MP: 9/9
   422 | D        | Reached skill level 7 in Maces & Flails
   456 | D        | Noticed a naga mage
   462 | D        | Killed a naga mage
   462 | D        | Noticed a water moccasin
   463 | D        | Reached skill level 9 in Maces & Flails
   463 | D        | Reached skill level 5 in Dodging
   463 | D        | Reached skill level 5 in Conjurations
   463 | D        | Reached XP level 6. HP: 68/68 MP: 10/12
   463 | D        | Reached XP level 7. HP: 76/76 MP: 10/13
   469 | D        | Arena points: 132 (+84) [x4]
   503 | D        | Bought +0 acid dragon scales for 480 gold pieces
   528 | D        | Round 4.
   533 | D        | Noticed a merfolk
   535 | D        | Noticed a wyvern
   536 | D        | Noticed a merfolk siren
   552 | D        | Killed a merfolk
   553 | D        | Reached skill level 10 in Maces & Flails
   566 | D        | Killed a merfolk siren
   567 | D        | Reached skill level 11 in Maces & Flails
   567 | D        | Reached skill level 5 in Armour
   567 | D        | Reached XP level 8. HP: 33/88 MP: 14/14
   577 | D        | Killed a wyvern
   608 | D        | Bought 4 potions of curing for 84 gold pieces
   608 | D        | Bought 3 potions of heal wounds for 105 gold pieces
   608 | D        | Bought 3 potions of heal wounds for 105 gold pieces
   638 | D        | Noticed a merfolk
   640 | D        | Noticed a merfolk
   653 | D        | Killed a merfolk
   654 | D        | Reached skill level 12 in Maces & Flails
   668 | D        | Killed a merfolk
   668 | D        | Arena points: 272 (+140) [x5]
   669 | D        | Reached XP level 9. HP: 56/101 MP: 15/15
   702 | D        | Round 5.
   715 | D        | Noticed the 27-headed Lernaean hydra
   728 | D        | HP: 2/101 [the 27-headed Lernaean hydra (8)]
   728 | D        | Slain by the 27-headed Lernaean hydra

Illustrated notes

Levels and vault maps discovered:
D:        arena_sprint

Skill      XL: |  1  2  3  4  5  6  7  8 |
---------------+-------------------------+-----
Maces & Flails | 4 6 9 11 12 | 12.6
Conjurations   | 3 4 5 |  5.8
Dodging        | 2 3 5 6 7 |  7.7
Fighting       | 3 4 6 8 9 |  9.9
Armour         | 1 2 4 5 |  5.9
Throwing       | 1 2 |  2.2
Spellcasting   | 3 4 |  4.4
Stealth        | |  0.9
Evocations     | |  0.5

Action                     |  1- 3 |  4- 6 |  7- 9 || total
---------------------------+-------+-------+-------++-------
  Melee: Mace              |    32 |     8 |    72 ||   112
  Throw: Dart              |     4 |       |     7 ||    11
 Invoke: Potion Petition   |       |       |     1 ||     1
  Evoke: Wand              |     2 |     4 |     4 ||    10
    Use: Potion            |     1 |       |    10 ||    11
         Scroll            |       |       |     2 ||     2
   Stab: Distracted        |       |       |     1 ||     1
 Armour: Robe              |    21 |     4 |     2 ||    27
         Acid dragon scale |       |       |    78 ||    78
  Dodge: Dodged            |    19 |     7 |    50 ||    76

Table legend: (Time is in decaauts)
 A = Elapsed time spent in this place.
 B = Non-inter-level travel time spent in this place.
 C = Inter-level travel time spent in this place.
 D = Time resting spent in this place.
 E = Time spent auto-exploring this place.
 F = Levels seen in this place.
 G = Mean time per level.
                   A        B        C        D        E       F      G
               +--------+--------+--------+--------+--------+-----+--------+
         Total |    705 |    705 |      0 |     73 |     15 |   1 |  705.0 |
       Dungeon |    705 |    705 |      0 |     73 |     15 |   1 |  705.0 |
               +--------+--------+--------+--------+--------+-----+--------+

Top non-repeatable levels by time:
       D: 705 daAuts
